cohdb
Replays
Latest Replays
All Replays
Popular Replays
Top Player Replays
Match Explorer
How It Works
Community
CoH3 Stats
Reddit
Sign in to upload your games and track your stats! →
Sign in with Steam
Match 43042157
Unlisted
Match 43042157
Overview
Messages
Build Orders
End
Selects Italian Coastal Battlegroup
Selects Coastal Reserves
Coastal Reserve
Construct Infanterie Kompanie
GrW 34 Mortar Team
MG 42 Machine Gun Team
Infanterie Officer Quarters
MG 42 Bunker
Selects Artillery Officer
Artillery Officer
Medical Bunker
MG 42 Bunker
Construct Panzergrenadier Kompanie
MG 42 Bunker
Selects Obice da 210/22 Artillery Emplacement
MG 42 Machine Gun Team
MG 42 Bunker
emiashiro
werkus
старик порнхабыч
Larko
Han-shot-first
EnderTheXenocide
admiral_gnar
BravoTwoZer0
0
0
Comments
sign in to comment!
No comments posted yet!